 Dungeon Crawl Stone Soup version 0.23.1 (webtiles) character file.

Game seed: 7916730443608083667

649 Kairos the Sneak (level 7, -3/35 HPs)
             Began as a Vine Stalker Assassin on Mar 17, 2019.
             Was a Believer of Uskayaw.
             Slain by an ogre
             ... wielding a +0 giant spiked club
              (15 damage)
             ... on level 6 of the Dungeon.
             The game lasted 00:10:01 (4859 turns).

Kairos the Sneak (Vine Stalker Assassin)            Turns: 4859, Time: 00:10:01

Health: -3/35      AC: 11    Str: 14    XL:     7   Next: 53%
Magic:  0/17       EV: 10    Int: 11    God:    Uskayaw [**....]
Gold:   104        SH:  0    Dex: 17    Spells: 6/6 levels left

rFire    . . .     SeeInvis .   a - +3 dagger
rCold    + . .     Gourm    .   (no shield)
rNeg     . . .     Faith    .   m - +2 scale mail {rPois}
rPois    +         Spirit   +   (no helmet)
rElec    .         Reflect  .   d - +1 cloak
rCorr    .         Harm     .   (no gloves)
MR       .....                  (no boots)
Stlth    ++........             (no amulet)
HPRegen  0.51/turn              C - ring of magical power
MPRegen  0.15/turn              x - ring of protection from cold

@: no status effects
A: fangs 2, regeneration 1, magic shield, antimagic bite, no potion heal 3, rot
immunity
a: Stomp, Line Pass, Renounce Religion


You were on level 6 of the Dungeon.
You worshipped Uskayaw.
Uskayaw was noncommittal.
You were not hungry.

You visited 2 branches of the dungeon, and saw 7 of its levels.

You collected 247 gold pieces.
You spent 143 gold pieces at shops.

Inventory:

Hand Weapons
 a - a +3 dagger (weapon)
 b - a +0 blowgun
Missiles
 e - 23 poisoned needles
 f - 2 curare-tipped needles
Armour
 c - a +0 robe
 d - a +1 cloak (worn)
 h - the +0 cloak of Servitude {rElec rPois rCorr Dex-5}
   (You found it on level 4 of the Dungeon)

   It affects your dexterity (-5).
   It insulates you from electricity.
   It protects you from poison.
   It provides partial protection from all sources of acid and corrosion.
 m - a +2 scale mail of poison resistance (worn)
 D - a +1 ring mail of cold resistance
Jewellery
 r - a +4 ring of intelligence
 x - a ring of protection from cold (right hand)
 C - a ring of magical power (left hand)
Wands
 t - a wand of iceblast (3)
Scrolls
 j - 3 scrolls of blinking
 k - 2 scrolls of enchant weapon
 p - a scroll of fog
 q - a scroll of remove curse
 u - a scroll of amnesia {unknown}
 y - 2 scrolls of magic mapping
 A - 2 scrolls of fear
 E - 2 scrolls of immolation {unknown}
 G - 2 scrolls of torment {unknown}
Potions
 l - a potion of haste {unknown}
 n - a potion of ambrosia {unknown}
 o - 2 potions of curing {unknown}
 v - 3 potions of degeneration {unknown}
 w - a potion of berserk rage {unknown}
 B - 2 potions of brilliance {unknown}
 F - a potion of cancellation {unknown}
Comestibles
 g - 13 rations


   Skills:
 + Level 2.9 Fighting
 + Level 4.1 Short Blades
 + Level 2.0 Throwing
 + Level 3.3 Armour
 + Level 1.8 Dodging
 + Level 6.7 Stealth
 + Level 0.2 Evocations


You had 6 spell levels left.
You didn't know any spells.
Your spell library was empty.

Dungeon Overview and Level Annotations

Branches:
Dungeon (6/15)             Temple (1/1) D:4

Altars:
Ashenzari
Elyvilon
Fedhas
Gozag
Kikubaaqudgha
Makhleb
Okawaru
Ru
Trog
Uskayaw
Xom
Zin

Shops:
D:4 [

Annotations:
D:5 1 runed translucent door, Terandir's ghost, novice MiFi


Innate Abilities, Weirdness & Mutations

You have extremely sharp teeth.
Your natural rate of healing is unusually fast.
When hurt, damage is shared between your health and your magic reserves.
Your bite disrupts and absorbs the magic of your enemies.
Potions cannot restore your health.
You are immune to rotting.


Message History

The orc priest looks braver for a moment.
The ogre hits you with a +0 giant spiked club!!
Ouch! That really hurt!
Your scale mail prevents you from hitting the ogre.
The ogre is lightly wounded.
You hit the ogre.
The ogre is moderately wounded.
The ogre barely misses you.
A jackal comes into view.
The orc barely misses you.
The jackal moves out of view.
You closely miss the orc. Your bite misses the orc.
The orc hits you but does no damage.
You hit the orc. You bite the orc.
You kill the orc!
The ogre hits you with a +0 giant spiked club!
You can now pass through a line of other dancers.
You barely miss the orc. You hit the orc but do no damage.
The ogre hits you with a +0 giant spiked club!!
You die...

.### #.# ...
#.# #.# ##.#
.o# #o# #@#
#O# #####
#.# ##.o.##
#.#
##.###.##
#.#######.##
##.#
#.<...O...#
#.##
#########.#
#... ##.#
#.### #..>#


You could see an ogre, an orc priest and an orc.

Vanquished Creatures
  3 ogres
  2 crimson imps (D:5)
  A jelly (D:5)
  An orc priest (D:3)
  2 worker ants
  3 gnolls
  7 adders
  2 oozes
  An adder zombie (D:5)
  7 leopard geckos
  9 orcs
  7 giant cockroaches
  10 goblins
  11 hobgoblins
  10 jackals
  6 kobolds
  A quokka (D:4)
  A ball python (D:3)
  7 bats
  7 frilled lizards
  A jackal skeleton (D:4)
  A leopard gecko skeleton (D:4)
  2 quokka zombies
  6 rats
108 creatures vanquished.

Notes
Turn   | Place    | Note
-------+----------+-------------------------------------------
     0 | D:1      | Kairos the Vine Stalker Assassin began the quest for the
                  | Orb.
     0 | D:1      | Reached XP level 1. HP: 11/11 MP: 2/2
    50 | D:1      | Reached skill level 5 in Stealth
    98 | D:1      | Reached XP level 2. HP: 10/15 MP: 3/3
   777 | D:1      | Reached XP level 3. HP: 8/18 MP: 0/4
  1920 | D:1      | Reached skill level 1 in Dodging
  1920 | D:1      | Gained mutation: Your natural rate of healing is unusually
                  | fast. [Vine Stalker growth]
  1920 | D:1      | Reached XP level 4. HP: 4/23 MP: 5/5
  2280 | D:2      | Found a blossoming altar of Fedhas.
  2671 | D:3      | Noticed an ogre
  2677 | D:3      | HP: 1/23 [ogre/+0 giant spiked club (22)]
  2678 | D:3      | Killed an ogre
  2678 | D:3      | Reached skill level 1 in Armour
  2678 | D:3      | Reached skill level 6 in Stealth
  2678 | D:3      | Reached XP level 5. HP: 1/27 MP: 0/6
  2793 | D:3      | Reached XP level 6. HP: 30/32 MP: 7/7
  2895 | D:3      | Found a shimmering altar of Xom.
  2895 | D:3      | Found a shimmering altar of Xom.
  2896 | D:3      | Found a shimmering altar of Xom.
  3350 | D:4      | Found Deffeqacve's Armour Boutique.
  3366 | D:4      | Bought a +1 scale mail of poison resistance for 143 gold
                  | pieces
  3743 | D:4      | Found a staircase to the Ecumenical Temple.
  3831 | Temple   | Entered the Ecumenical Temple
  3879 | Temple   | Became a worshipper of Uskayaw the Reveler
  4033 | D:4      | Got a warped cloak
  4044 | D:4      | Identified the +0 cloak of Servitude {rElec rPois rCorr
                  | Dex-5} (You found it on level 4 of the Dungeon)
  4104 | D:5      | Entered Level 5 of the Dungeon
  4108 | D:5      | Reached * piety under Uskayaw
  4124 | D:5      | Reached ** piety under Uskayaw
  4161 | D:5      | Reached *** piety under Uskayaw
  4162 | D:5      | Reached XP level 7. HP: 35/35 MP: 8/8
  4377 | D:5      | Found a runed translucent door.
  4377 | D:5      | Noticed Terandir's ghost (novice MiFi)
  4859 | D:6      | Slain by an ogre

Skill      XL: |  1  2  3  4  5  6  7 |
---------------+----------------------+-----
Stealth        | 5 6 |  6.7
Fighting       | 2 |  2.9
Throwing       | 2 |  2.0
Short Blades   | 2 3 4 |  4.1
Dodging        | 1 |  1.8
Armour         | 1 2 3 |  3.3
Evocations     | |  0.2

Action                   |  1- 3 |  4- 6 |  7- 9 || total
-------------------------+-------+-------+-------++-------
Melee: Dagger            |   115 |   213 |   102 ||   430
       Bite              |    20 |    55 |    31 ||   106
Throw: Throwing net      |       |     1 |       ||     1
Evoke: Wand              |       |     3 |       ||     3
  Use: Scroll            |       |    15 |     3 ||    18
 Stab: Sleeping          |     6 |     7 |       ||    13
       Paralysed         |       |     1 |     1 ||     2
       Distracted        |       |     1 |       ||     1
  Eat: Chunk             |     2 |     4 |     3 ||     9
       Ration            |       |     1 |       ||     1
Armor: Robe              |    13 |       |       ||    13
       Ring mail         |    18 |    35 |       ||    53
       Scale mail        |       |    27 |    26 ||    53
Dodge: Dodged            |    75 |    98 |    38 ||   211
